2777 views
Uploaded 2020-02-22 01:08:15
Game version 1.32 / 1.32.1
14:23 long 4on4 ladder game on (8)TwilightRuins_LV
Saved by ChuckleMan
2777 views
Uploaded 2020-02-22 01:08:15
Game version 1.32 / 1.32.1
14:23 long 4on4 ladder game on (8)TwilightRuins_LV


125 units @ 14.2k
/ 1.6k
79 buildings @ 10.9k
/ 4.8k


| Healing Salve | 2 | 200 |
| Lesser Clarity Potion | 2 | 140 |
| total: | 4 | 340g |
| Peon | 12 | 900 | / | 0 |
| Grunt | 5 | 1000 | / | 0 |
| Troll Headhunter | 13 | 1820 | / | 260 |
| Shaman | 5 | 650 | / | 100 |
| total: | 35 | 4370g | / | 360w |
| Watch Tower | 7 | 770 | / | 560 |
| Altar of Storms | 1 | 180 | / | 50 |
| Orc Burrow | 5 | 800 | / | 200 |
| Barracks | 2 | 360 | / | 100 |
| Voodoo Lounge | 1 | 130 | / | 30 |
| War Mill | 1 | 205 | / | 0 |
| Great Hall | 1 | 385 | / | 185 |
| Spirit Lodge | 1 | 150 | / | 150 |
| Stronghold | 1 | 315 | / | 190 |
| Fortress | 1 | 325 | / | 190 |
| total: | 19 | 2980g | / | 1275w |
| 0:03 | Peon |
| 0:05 | Altar of Storms |
| 0:08 | Peon |
| 0:19 | Orc Burrow |
| 0:34 | Barracks |
| 0:37 | Peon |
| 0:45 | Peon |
| 1:07 | Peon |
| 1:24 | Orc Burrow |
| 1:27 | Peon |
| 1:28 | Peon |
| 1:40 | Grunt |
| 1:48 | Peon |
| 2:07 | Critical Strike |
| 2:08 | Grunt |
| 2:17 | Peon |
| 2:35 | Voodoo Lounge |
| 2:50 | Grunt |
| 3:04 | War Mill |
| 3:16 | Grunt |
| 3:27 | Wind Walk |
| 3:42 | Orc Burrow |
| 4:02 | Healing Salve |
| 4:09 | Grunt |
| 4:21 | Stronghold |
| 4:41 | Troll Headhunter |
| 4:51 | Orc Burrow |
| 5:06 | Troll Headhunter |
| 5:19 | Steel Armor |
| 5:56 | Steel Ranged Weapons |
| 6:17 | Troll Headhunter |
| 6:17 | Troll Headhunter |
| 6:23 | Barracks |
| 6:28 | Orc Burrow |
| 6:40 | Wind Walk |
| 7:33 | Thorium Ranged Weapons |
| 7:55 | Spirit Lodge |
| 8:14 | Healing Wave |
| 8:22 | Troll Regeneration |
| 8:32 | Great Hall |
| 8:39 | Troll Headhunter |
| 9:30 | Shaman Adept Training |
| 9:31 | Shaman |
| 9:32 | Shaman |
| 9:33 | Troll Headhunter |
| 9:34 | Troll Headhunter |
| 11:26 | Fortress |
| 11:28 | Thorium Armor |
| 11:30 | Shaman |
| 11:31 | Troll Headhunter |
| 11:32 | Troll Headhunter |
| 11:36 | Peon |
| 11:36 | Peon |
| 11:36 | Peon |
| 11:54 | Lesser Clarity Potion |
| 12:00 | Healing Salve |
| 12:16 | Lesser Clarity Potion |
| 12:38 | Troll Headhunter |
| 12:39 | Troll Headhunter |
| 12:40 | Shaman |
| 13:07 | Watch Tower |
| 13:11 | Watch Tower |
| 13:12 | Watch Tower |
| 13:13 | Watch Tower |
| 13:16 | Watch Tower |
| 13:18 | Watch Tower |
| 13:19 | Watch Tower |
| 13:42 | Troll Headhunter |
| 13:43 | Troll Headhunter |
| 13:44 | Shaman |
| 14:14 | Critical Strike |
| Right click | 431 |
| Select | 190 |
| Select group | 102 |
| Build/train/purchase | 66 |
| Misc. action | 65 |
| Assign group | 16 |
| Use ability | 12 |
| Minimap ping | 9 |
| Resource trade | 4 |
| Item give/drop | 2 |


| Scroll of Regeneration | 1 | 100 |
| total: | 1 | 100g |
| Peasant | 17 | 1275 | / | 0 |
| Rifleman | 8 | 1640 | / | 240 |
| Gryphon Rider | 5 | 1400 | / | 350 |
| total: | 30 | 4315g | / | 590w |
| Scout Tower | 9 | 270 | / | 180 |
| Guard Tower | 6 | 420 | / | 300 |
| Altar of Kings | 1 | 180 | / | 50 |
| Farm | 12 | 960 | / | 240 |
| Blacksmith | 1 | 140 | / | 60 |
| Barracks | 2 | 320 | / | 120 |
| Lumber Mill | 1 | 120 | / | 0 |
| Town Hall | 1 | 385 | / | 205 |
| Arcane Vault | 1 | 130 | / | 30 |
| Gryphon Aviary | 3 | 420 | / | 450 |
| Keep | 1 | 320 | / | 210 |
| Castle | 1 | 360 | / | 210 |
| total: | 31 | 2925g | / | 1335w |
| 0:02 | Peasant |
| 0:03 | Altar of Kings |
| 0:05 | Peasant |
| 0:05 | Peasant |
| 0:05 | Peasant |
| 0:20 | Farm |
| 0:34 | Blacksmith |
| 0:46 | Peasant |
| 1:02 | Farm |
| 1:16 | Peasant |
| 1:17 | Peasant |
| 1:17 | Peasant |
| 1:39 | Barracks |
| 1:41 | Peasant |
| 2:06 | Barracks |
| 2:10 | Farm |
| 2:11 | Peasant |
| 2:24 | Peasant |
| 2:25 | Farm |
| 2:32 | Storm Bolt |
| 2:37 | Black Gunpowder |
| 2:56 | Rifleman |
| 3:16 | Rifleman |
| 3:36 | Rifleman |
| 4:02 | Rifleman |
| 4:27 | Keep |
| 4:46 | Lumber Mill |
| 4:59 | Bash |
| 5:07 | Rifleman |
| 5:12 | Farm |
| 5:15 | Scout Tower |
| 5:18 | Scout Tower |
| 5:21 | Farm |
| 6:18 | Town Hall |
| 6:51 | Guard Tower |
| 6:51 | Guard Tower |
| 7:14 | Refined Gunpowder |
| 7:17 | Storm Bolt |
| 7:40 | Rifleman |
| 7:41 | Long Rifles |
| 7:50 | Holy Light |
| 7:55 | Rifleman |
| 8:26 | Rifleman |
| 8:34 | Farm |
| 8:38 | Scout Tower |
| 8:40 | Scout Tower |
| 9:19 | Guard Tower |
| 9:21 | Peasant |
| 9:21 | Peasant |
| 9:22 | Castle |
| 9:30 | Studded Leather Armor |
| 10:04 | Peasant |
| 10:04 | Peasant |
| 10:05 | Peasant |
| 10:05 | Peasant |
| 10:06 | Scout Tower |
| 10:07 | Scout Tower |
| 10:07 | Scout Tower |
| 10:08 | Scout Tower |
| 11:09 | Guard Tower |
| 11:16 | Arcane Vault |
| 11:23 | Gryphon Aviary |
| 11:26 | Gryphon Aviary |
| 11:29 | Gryphon Aviary |
| 12:44 | Scout Tower |
| 12:44 | Farm |
| 12:46 | Farm |
| 12:49 | Farm |
| 12:50 | Farm |
| 12:51 | Farm |
| 12:53 | Storm Hammers |
| 12:55 | Gryphon Rider |
| 12:55 | Gryphon Rider |
| 12:59 | Gryphon Rider |
| 13:17 | Divine Shield |
| 13:30 | Bash |
| 13:41 | Guard Tower |
| 13:44 | Gryphon Rider |
| 13:45 | Scroll of Regeneration |
| 13:54 | Gryphon Rider |
| Right click | 423 |
| Select | 156 |
| Select group | 108 |
| Misc. action | 107 |
| Assign group | 57 |
| Build/train/purchase | 56 |
| Use ability | 11 |
| Resource trade | 5 |
| Esc | 4 |
| Minimap ping | 4 |
| Item give/drop | 2 |
| Remove unit | 1 |

| Wisp | 19 | 1140 | / | 0 |
| Archer | 5 | 650 | / | 50 |
| Huntress | 1 | 195 | / | 20 |
| Dryad | 4 | 580 | / | 240 |
| total: | 29 | 2565g | / | 310w |
| Altar of Elders | 1 | 180 | / | 50 |
| Moon Well | 5 | 900 | / | 200 |
| Ancient of War | 2 | 300 | / | 120 |
| Hunter's Hall | 1 | 210 | / | 100 |
| Ancient of Wonders | 1 | 90 | / | 30 |
| Ancient of Lore | 2 | 310 | / | 290 |
| Tree of Ages | 1 | 320 | / | 180 |
| Tree of Eternity | 1 | 330 | / | 200 |
| total: | 12 | 1990g | / | 790w |
| 0:04 | Wisp |
| 0:04 | Wisp |
| 0:04 | Wisp |
| 0:05 | Wisp |
| 0:05 | Wisp |
| 0:23 | Altar of Elders |
| 0:36 | Moon Well |
| 0:50 | Ancient of War |
| 0:54 | Wisp |
| 0:55 | Wisp |
| 0:55 | Wisp |
| 0:58 | Wisp |
| 1:43 | Moon Well |
| 2:09 | Ancient of War |
| 2:28 | Archer |
| 2:29 | Archer |
| 2:29 | Archer |
| 2:30 | Archer |
| 2:55 | Hunter's Hall |
| 3:19 | Archer |
| 3:38 | Trueshot Aura |
| 4:09 | Wisp |
| 4:09 | Wisp |
| 4:09 | Wisp |
| 4:17 | Huntress |
| 4:23 | Moon Armor |
| 4:27 | Strength of the Moon |
| 4:41 | Tree of Ages |
| 6:01 | Moon Well |
| 6:05 | Improved Strength of the Moon |
| 6:06 | Improved Moon Armor |
| 6:44 | Searing Arrows |
| 7:09 | Tree of Eternity |
| 7:39 | Ancient of Lore |
| 8:23 | Ancient of Lore |
| 8:31 | Reinforced Hides |
| 8:31 | Strength of the Wild |
| 9:22 | Druid of the Claw Adept Training |
| 10:13 | Abolish Magic |
| 10:17 | Druid of the Claw Master Training |
| 10:57 | Trueshot Aura |
| 11:17 | Wisp |
| 11:17 | Wisp |
| 11:17 | Wisp |
| 11:18 | Wisp |
| 11:18 | Wisp |
| 11:47 | Ancient of Wonders |
| 12:14 | Dryad |
| 12:24 | Dryad |
| 12:48 | Dryad |
| 12:56 | Wisp |
| 12:57 | Wisp |
| 13:19 | Moon Well |
| 13:37 | Dryad |
| 13:56 | Moon Well |
| Select | 144 |
| Right click | 118 |
| Select group | 75 |
| Build/train/purchase | 46 |
| Assign group | 6 |
| Remove unit | 4 |
| Use ability | 1 |


| Moonstone | 2 | 100 |
| total: | 2 | 100g |
| Wisp | 21 | 1260 | / | 0 |
| Archer | 1 | 130 | / | 10 |
| Huntress | 5 | 975 | / | 100 |
| Dryad | 4 | 580 | / | 240 |
| total: | 31 | 2945g | / | 350w |
| Moon Well | 6 | 1080 | / | 240 |
| Altar of Elders | 1 | 180 | / | 50 |
| Ancient of War | 3 | 450 | / | 180 |
| Ancient of Wonders | 1 | 90 | / | 30 |
| Hunter's Hall | 1 | 210 | / | 100 |
| Tree of Life | 1 | 340 | / | 185 |
| Ancient of Lore | 4 | 620 | / | 580 |
| Tree of Ages | 1 | 320 | / | 180 |
| Tree of Eternity | 1 | 330 | / | 200 |
| total: | 17 | 2970g | / | 1365w |
| 0:09 | Wisp |
| 0:10 | Wisp |
| 0:10 | Wisp |
| 0:10 | Wisp |
| 0:10 | Wisp |
| 0:21 | Moon Well |
| 0:28 | Altar of Elders |
| 0:33 | Wisp |
| 0:46 | Wisp |
| 1:16 | Wisp |
| 1:24 | Ancient of War |
| 1:29 | Wisp |
| 1:35 | Wisp |
| 1:44 | Ancient of Wonders |
| 1:57 | Wisp |
| 2:10 | Moon Well |
| 2:35 | Hunter's Hall |
| 2:39 | Wisp |
| 3:03 | Shadow Strike |
| 3:06 | Archer |
| 3:11 | Moon Well |
| 3:41 | Huntress |
| 3:57 | Moon Well |
| 4:05 | Huntress |
| 4:33 | Tree of Ages |
| 4:48 | Moonstone |
| 5:00 | Moon Well |
| 5:14 | Huntress |
| 5:18 | Blink |
| 5:39 | Huntress |
| 6:46 | Shadow Strike |
| 7:05 | Wisp |
| 7:08 | Tree of Life |
| 7:13 | Moon Glaive |
| 7:16 | Moonstone |
| 7:51 | Huntress |
| 8:32 | Ancient of Lore |
| 8:36 | Tree of Eternity |
| 8:39 | Entangling Roots |
| 9:05 | Strength of the Moon |
| 9:39 | Ancient of Lore |
| 10:55 | Wisp |
| 10:55 | Wisp |
| 10:55 | Wisp |
| 10:55 | Wisp |
| 10:56 | Wisp |
| 11:02 | Abolish Magic |
| 11:03 | Dryad |
| 11:03 | Dryad |
| 11:03 | Dryad |
| 11:03 | Dryad |
| 11:09 | Ancient of Lore |
| 11:12 | Wisp |
| 11:13 | Nature's Blessing |
| 11:14 | Wisp |
| 11:48 | Wisp |
| 11:56 | Ancient of Lore |
| 12:00 | Ancient of War |
| 12:02 | Ancient of War |
| 12:05 | Moon Well |
| Right click | 357 |
| Select group | 297 |
| Select | 244 |
| Misc. action | 69 |
| Build/train/purchase | 54 |
| Use ability | 25 |
| Esc | 9 |
| Assign group | 8 |
| Item give/drop | 2 |
| Remove unit | 1 |
| Minimap ping | 1 |
85 units @ 11.9k
/ 1.4k
97 buildings @ 12.2k
/ 5.2k
⇛
ChuckleMan
(103)
(14:22) : 
| Lesser Clarity Potion | 2 | 140 |
| Scroll of Town Portal | 1 | 350 |
| Staff of Teleportation | 1 | 150 |
| Boots of Speed | 1 | 250 |
| Healing Salve | 3 | 300 |
| Orb of Lightning | 1 | 375 |
| Scroll of Speed | 1 | 50 |
| total: | 10 | 1615g |
| Peasant | 16 | 1200 | / | 0 |
| Gryphon Rider | 4 | 1120 | / | 280 |
| Goblin Shredder | 2 | 750 | / | 200 |
| Shaman | 4 | 520 | / | 80 |
| Wind Rider | 6 | 1590 | / | 240 |
| total: | 32 | 5180g | / | 800w |
| Scout Tower | 21 | 630 | / | 420 |
| Altar of Kings | 1 | 180 | / | 50 |
| Farm | 12 | 960 | / | 240 |
| Lumber Mill | 2 | 240 | / | 0 |
| Arcane Vault | 1 | 130 | / | 30 |
| Town Hall | 2 | 770 | / | 410 |
| Blacksmith | 1 | 140 | / | 60 |
| Barracks | 1 | 160 | / | 60 |
| Gryphon Aviary | 4 | 560 | / | 600 |
| Keep | 1 | 320 | / | 210 |
| Castle | 1 | 360 | / | 210 |
| War Mill | 1 | 205 | / | 0 |
| Orc Burrow | 6 | 960 | / | 240 |
| Spirit Lodge | 2 | 300 | / | 300 |
| Beastiary | 2 | 290 | / | 280 |
| Fortress | 1 | 325 | / | 190 |
| total: | 56 | 5525g | / | 2690w |
| 0:04 | Peasant |
| 0:04 | Peasant |
| 0:08 | Altar of Kings |
| 0:10 | Farm |
| 0:17 | Peasant |
| 0:27 | Peasant |
| 0:51 | Lumber Mill |
| 0:53 | Peasant |
| 0:57 | Farm |
| 1:03 | Peasant |
| 1:13 | Peasant |
| 1:14 | Peasant |
| 1:36 | Peasant |
| 1:44 | Farm |
| 1:50 | Peasant |
| 1:59 | Peasant |
| 2:09 | Blizzard |
| 2:24 | Peasant |
| 2:49 | Peasant |
| 2:50 | Peasant |
| 3:00 | Arcane Vault |
| 3:03 | Peasant |
| 3:27 | Brilliance Aura |
| 3:43 | Town Hall |
| 3:52 | Keep |
| 4:05 | Staff of Teleportation |
| 4:06 | Boots of Speed |
| 4:14 | Lesser Clarity Potion |
| 4:14 | Lesser Clarity Potion |
| 4:15 | Healing Salve |
| 4:37 | Healing Salve |
| 4:45 | Blacksmith |
| 5:37 | Blizzard |
| 5:44 | War Mill |
| 5:46 | Orc Burrow |
| 5:46 | Orc Burrow |
| 5:56 | Goblin Shredder |
| 6:05 | Critical Strike |
| 6:13 | Castle |
| 6:20 | Fortress |
| 6:38 | Goblin Shredder |
| 6:42 | Lumber Mill |
| 6:45 | Farm |
| 6:46 | Farm |
| 6:46 | Farm |
| 6:47 | Farm |
| 6:47 | Farm |
| 6:58 | Spirit Lodge |
| 6:58 | Spirit Lodge |
| 7:07 | Town Hall |
| 7:14 | Gryphon Aviary |
| 7:23 | Gryphon Aviary |
| 7:25 | Healing Salve |
| 7:37 | Beastiary |
| 7:37 | Beastiary |
| 7:44 | Orc Burrow |
| 7:50 | Wind Walk |
| 8:02 | Gryphon Aviary |
| 8:05 | Gryphon Aviary |
| 8:16 | Farm |
| 8:17 | Farm |
| 8:22 | Witch Doctor Adept Training |
| 8:25 | Shaman Adept Training |
| 8:25 | Shaman |
| 8:30 | Peasant |
| 8:44 | Orc Burrow |
| 8:49 | Orc Burrow |
| 8:52 | Reinforced Defenses |
| 8:54 | Orc Burrow |
| 9:00 | Shaman |
| 9:02 | Envenomed Spears |
| 9:02 | Wind Rider |
| 9:11 | Gryphon Rider |
| 9:16 | Farm |
| 9:16 | Farm |
| 9:28 | Orb of Lightning |
| 9:36 | Shaman Master Training |
| 9:37 | Shaman |
| 9:43 | Storm Hammers |
| 9:43 | Gryphon Rider |
| 9:47 | Studded Leather Armor |
| 9:54 | Iron Forged Swords |
| 10:00 | Shaman |
| 10:04 | Wind Rider |
| 10:18 | Scroll of Town Portal |
| 10:19 | Scroll of Speed |
| 10:41 | Gryphon Rider |
| 10:42 | Gryphon Rider |
| 10:44 | Wind Rider |
| 11:00 | Brilliance Aura |
| 11:32 | Reinforced Leather Armor |
| 11:45 | Wind Rider |
| 11:51 | Wind Rider |
| 11:51 | Wind Rider |
| 12:20 | Barracks |
| 12:25 | Critical Strike |
| 13:11 | Scout Tower |
| 13:11 | Scout Tower |
| 13:12 | Scout Tower |
| 13:12 | Scout Tower |
| 13:12 | Scout Tower |
| 13:12 | Scout Tower |
| 13:13 | Scout Tower |
| 13:13 | Scout Tower |
| 13:13 | Scout Tower |
| 13:13 | Scout Tower |
| 13:14 | Scout Tower |
| 13:14 | Scout Tower |
| 13:14 | Scout Tower |
| 13:14 | Scout Tower |
| 13:14 | Scout Tower |
| 13:15 | Scout Tower |
| 13:15 | Scout Tower |
| 13:15 | Scout Tower |
| 13:15 | Scout Tower |
| 13:16 | Scout Tower |
| 13:16 | Scout Tower |
| 13:45 | Blizzard |
| 14:21 | Mass Teleport |
| Select group | 317 |
| Right click | 301 |
| Select | 183 |
| Build/train/purchase | 86 |
| Misc. action | 77 |
| Assign group | 41 |
| Chat | 35 |
| Resource trade | 28 |
| Use ability | 27 |
| Minimap ping | 8 |
| Item give/drop | 5 |
| Esc | 2 |

| Healing Salve | 1 | 100 |
| Lesser Clarity Potion | 1 | 70 |
| Claws of Attack +6 | 1 | 125 |
| total: | 3 | 295g |
| Peon | 8 | 600 | / | 0 |
| Troll Headhunter | 14 | 1960 | / | 280 |
| total: | 22 | 2560g | / | 280w |
| Watch Tower | 2 | 220 | / | 160 |
| Altar of Storms | 2 | 360 | / | 100 |
| Orc Burrow | 8 | 1280 | / | 320 |
| War Mill | 1 | 205 | / | 0 |
| Barracks | 2 | 360 | / | 100 |
| Voodoo Lounge | 1 | 130 | / | 30 |
| Spirit Lodge | 2 | 300 | / | 300 |
| Stronghold | 1 | 315 | / | 190 |
| Fortress | 1 | 325 | / | 190 |
| total: | 18 | 2855g | / | 1010w |
| 0:04 | Peon |
| 0:05 | Peon |
| 0:11 | Altar of Storms |
| 0:16 | Orc Burrow |
| 0:25 | Peon |
| 0:53 | War Mill |
| 1:05 | Barracks |
| 1:32 | Peon |
| 1:32 | Peon |
| 1:32 | Peon |
| 2:05 | Orc Burrow |
| 2:18 | Troll Headhunter |
| 2:29 | Peon |
| 2:29 | Peon |
| 2:39 | Orc Burrow |
| 2:49 | Endurance Aura |
| 3:06 | Watch Tower |
| 3:29 | Barracks |
| 3:37 | Orc Burrow |
| 3:46 | Troll Headhunter |
| 3:46 | Troll Headhunter |
| 3:46 | Troll Headhunter |
| 3:59 | Voodoo Lounge |
| 4:20 | Watch Tower |
| 4:26 | Steel Ranged Weapons |
| 5:30 | Claws of Attack +6 |
| 5:44 | Stronghold |
| 5:48 | Troll Headhunter |
| 5:58 | Orc Burrow |
| 6:22 | Troll Headhunter |
| 6:26 | Troll Headhunter |
| 6:51 | Steel Armor |
| 6:52 | Spiked Barricades |
| 7:01 | Orc Burrow |
| 7:14 | War Stomp |
| 7:24 | Troll Headhunter |
| 8:05 | Thorium Ranged Weapons |
| 8:06 | Thorium Armor |
| 8:28 | Troll Regeneration |
| 8:40 | Fortress |
| 8:45 | Healing Salve |
| 8:46 | Lesser Clarity Potion |
| 10:37 | Troll Headhunter |
| 10:37 | Troll Headhunter |
| 10:38 | Troll Headhunter |
| 11:25 | Berserker Upgrade |
| 11:51 | Altar of Storms |
| 11:59 | Troll Headhunter |
| 11:59 | Troll Headhunter |
| 11:59 | Troll Headhunter |
| 12:19 | Spirit Lodge |
| 12:38 | Spirit Lodge |
| 12:43 | Orc Burrow |
| 13:27 | Orc Burrow |
| Right click | 260 |
| Select | 211 |
| Misc. action | 50 |
| Build/train/purchase | 41 |
| Chat | 9 |
| Use ability | 5 |
| Remove unit | 3 |
| Minimap ping | 3 |

| Healing Salve | 2 | 200 |
| Lesser Clarity Potion | 1 | 70 |
| Scroll of Speed | 1 | 50 |
| Orb of Lightning | 1 | 375 |
| Scroll of Town Portal | 1 | 350 |
| Circlet of Nobility | 1 | 175 |
| total: | 7 | 1220g |
| Peon | 13 | 975 | / | 0 |
| Grunt | 5 | 1000 | / | 0 |
| Tauren | 4 | 1120 | / | 320 |
| total: | 22 | 3095g | / | 320w |
| Watch Tower | 3 | 330 | / | 240 |
| Altar of Storms | 1 | 180 | / | 50 |
| Orc Burrow | 5 | 800 | / | 200 |
| Barracks | 1 | 180 | / | 50 |
| War Mill | 2 | 410 | / | 0 |
| Voodoo Lounge | 2 | 260 | / | 60 |
| Great Hall | 1 | 385 | / | 185 |
| Spirit Lodge | 1 | 150 | / | 150 |
| Tauren Totem | 2 | 270 | / | 310 |
| Stronghold | 1 | 315 | / | 190 |
| Fortress | 1 | 325 | / | 190 |
| total: | 18 | 2965g | / | 1245w |
| 0:06 | Peon |
| 0:06 | Peon |
| 0:06 | Peon |
| 0:07 | Peon |
| 0:07 | Peon |
| 0:07 | Peon |
| 0:29 | Altar of Storms |
| 0:42 | Orc Burrow |
| 1:11 | Barracks |
| 1:38 | War Mill |
| 1:48 | Peon |
| 2:18 | Orc Burrow |
| 2:21 | Grunt |
| 2:40 | War Stomp |
| 2:46 | Grunt |
| 3:00 | Watch Tower |
| 3:14 | Peon |
| 3:19 | Pillage |
| 3:20 | Grunt |
| 3:34 | Voodoo Lounge |
| 3:39 | Voodoo Lounge |
| 3:59 | Grunt |
| 4:26 | Watch Tower |
| 4:29 | Stronghold |
| 4:59 | Orc Burrow |
| 5:12 | Steel Armor |
| 5:15 | Healing Salve |
| 5:16 | Lesser Clarity Potion |
| 5:19 | Scroll of Speed |
| 5:47 | Steel Melee Weapons |
| 5:54 | Watch Tower |
| 6:10 | Endurance Aura |
| 7:18 | Orc Burrow |
| 7:20 | Fortress |
| 7:34 | Spirit Lodge |
| 7:41 | Tauren Totem |
| 7:58 | Great Hall |
| 8:32 | War Mill |
| 8:42 | Grunt |
| 9:11 | Orc Burrow |
| 9:18 | Endurance Aura |
| 9:49 | Tauren Totem |
| 10:03 | Orb of Lightning |
| 10:04 | Healing Salve |
| 11:00 | Tauren |
| 11:06 | Tauren |
| 11:08 | Shaman Adept Training |
| 11:14 | Reinforced Defenses |
| 11:45 | Tauren |
| 11:49 | Peon |
| 11:50 | Peon |
| 11:50 | Peon |
| 11:53 | Peon |
| 11:56 | Peon |
| 12:08 | War Stomp |
| 12:33 | Pulverize |
| 12:36 | Tauren |
| 13:18 | Scroll of Town Portal |
| 13:21 | Circlet of Nobility |
| 14:06 | Endurance Aura |
| Right click | 249 |
| Select | 140 |
| Build/train/purchase | 56 |
| Use ability | 13 |
| Item give/drop | 3 |

| Peon | 6 | 450 | / | 0 |
| Grunt | 3 | 600 | / | 0 |
| total: | 9 | 1050g | / | 0w |
| Altar of Storms | 1 | 180 | / | 50 |
| Orc Burrow | 2 | 320 | / | 80 |
| Barracks | 1 | 180 | / | 50 |
| Voodoo Lounge | 1 | 130 | / | 30 |
| Stronghold | 1 | 315 | / | 190 |
| total: | 5 | 810g | / | 210w |
| 0:06 | Peon |
| 0:06 | Peon |
| 0:13 | Altar of Storms |
| 0:16 | Orc Burrow |
| 0:30 | Barracks |
| 0:50 | Peon |
| 1:32 | Grunt |
| 1:38 | Orc Burrow |
| 2:02 | Voodoo Lounge |
| 2:18 | Wind Walk |
| 2:25 | Peon |
| 2:25 | Peon |
| 2:25 | Peon |
| 2:35 | Grunt |
| 3:06 | Grunt |
| 3:52 | Stronghold |
| Right click | 105 |
| Select | 42 |
| Select group | 16 |
| Build/train/purchase | 14 |
| Chat | 13 |
| Misc. action | 10 |
| Assign group | 3 |
| Minimap ping | 3 |